 Dungeon Crawl Stone Soup version 0.31-a0-188-g5e087ee2ca (webtiles) character file.

Game seed: 2521711325896248111

71 qw the Shooter (level 4, -5/25 HPs)
             Began as a Deep Elf Hunter on June 23, 2023.
             Killed from afar by Ijyb (13 damage)
             ... with a bolt of dispelling energy
             ... on level 3 of the Dungeon.
             The game lasted 00:00:35 (1703 turns).

qw the Shooter (Deep Elf Hunter)                    Turns: 1703, Time: 00:00:35

Health: -5/25      AC:  7    Str: 10    XL:     4   Next: 5%
Magic:  6/6        EV: 11    Int: 14    God:
Gold:   115        SH:  0    Dex: 18    Spells: 3/3 levels left

rFire   . . .        Y - +0 shortbow
rCold   . . .        (shield currently unavailable)
rNeg    . . .        g - +0 ring mail
rPois   .            b - +0 helmet
rElec   .            e - +0 cloak
rCorr   .            (no gloves)
SInv    .            (no boots)
Will    .....        (no amulet)
Stlth   +            (no ring)
HPRegen 0.24/turn    (no ring)
MPRegen 0.10/turn

%: no passive effects
@: no status effects
A: no striking features
a: no special abilities


You were on level 3 of the Dungeon.
You visited 1 branch of the dungeon, and saw 3 of its levels.

You collected 115 gold pieces.


   Skills:
 - Level 1.5 Fighting
 + Level 7.5 Ranged Weapons
 - Level 2.4 Dodging
 - Level 1.2 Stealth


You had 3 spell levels left.
You didn't know any spells.
Your spell library was empty.

Inventory:

Hand Weapons
 Y - a +0 shortbow (weapon)
Armour
 b - a +0 helmet (worn)
 e - a +0 cloak (worn)
 g - a +0 ring mail (worn)
Scrolls
 a - 3 scrolls of identify
Potions
 f - 2 potions of curing

Dungeon Overview and Level Annotations

Branches:
Dungeon (3/15)

Altars:

Annotations:
D:3 Ijyb


Message History

You have reached level 4!
You feel clever.
You shoot an arrow. The arrow barely misses the goblin.
The goblin no longer looks unusually strong.
The rat closely misses you. The goblin hits you with a +0 club.
You shoot an arrow. The arrow hits the goblin.
You kill the goblin!
The rat barely misses you.
You shoot an arrow. The arrow hits the rat!
You kill the rat!
You start resting.
HP restored.
b - a +0 helmet
Things that are here:
a +2 dagger of speed; a +0 animal skin; the hobgoblin corpse of Robin Partly explored, can't reach some places.
1693 ||| UPGRADING to +0 helmet.
You start putting on your armour.
You continue putting on your +0 helmet. x4
You finish putting on your +0 helmet.
Partly explored, can't reach some places.
(D) Dungeon
Where to? (* - list waypoints, Enter - D:3, ? - help)
What level of the Dungeon? (default 1, ? - help)
There is a stone staircase leading down here.
You climb downwards.
Level annotation: Ijyb The endoplasm freezes you.
You are frozen.
The hobgoblin hits you.
There is a stone staircase leading up, spattered with blood here.
You shoot an arrow. The arrow closely misses the hobgoblin.
The endoplasm barely misses you. The hobgoblin closely misses you.
You shoot an arrow. The arrow closely misses the hobgoblin.
Ijyb zaps a wand.
The bolt of dispelling energy hits you!
Ouch! That really hurt!
The endoplasm closely misses you.
The hobgoblin hits you but does no damage.
1703 ||| STAIRDANCE The endoplasm hits you.
Ijyb zaps a wand.
The bolt of dispelling energy hits you!
Ouch! That really hurt!
You die...

#.......#
##.......#
........#
#.......#
#####.<[....#
#...........#
......J...%.#
.......@g...#
(..)...%#..##
....(...# .#
...)g...# #
........#
........#
........#
.........


You could see Ijyb, an endoplasm and a hobgoblin.

Vanquished Creatures
  Robin (D:2)
  An adder (D:2)
  3 dart slugs (D:2)
  6 ball pythons
  2 endoplasms
  4 giant cockroaches
  5 goblins
  3 hobgoblins
  3 kobolds
  A quokka (D:1)
  8 bats
  3 frilled lizards
  5 rats
45 creatures vanquished.

Notes
Turn   | Place    | Note
-------+----------+-------------------------------------------
     0 | D:1      | qw the Deep Elf Hunter began the quest for the Orb.
     0 | D:1      | Reached XP level 1. HP: 12/12 MP: 3/3
     0 | D:1      | 0 ||| qw: Version: 0.3-a-9-g12657ce
     0 | D:1      | 0 ||| qw: Game counter: 3771
     0 | D:1      | 0 ||| qw: Always use a shield: true
     0 | D:1      | 0 ||| qw: God list: Okawaru
     0 | D:1      | 0 ||| qw: Allow faded altars: false
     0 | D:1      | 0 ||| qw: Do Orc after D:15 true
     0 | D:1      | 0 ||| qw: Do second Lair branch before Depths: true
     0 | D:1      | 0 ||| qw: Lair rune preference: random
     0 | D:1      | 0 ||| qw: Plans: Normal
     0 | D:1      | 0 ||| PLANNING D:1-11
   264 | D:1      | Reached XP level 2. HP: 16/16 MP: 4/4
   280 | D:1      | Reached skill level 6 in Ranged Weapons
   907 | D:1      | 907 ||| READING 3 scrolls labelled WAMOSAU MUNN.
   908 | D:1      | 908 ||| READING scroll labelled AFOSOCOWKA.
   909 | D:1      | 909 ||| DRINKING 3 fuming ruby potions.
   910 | D:1      | 910 ||| DROPPING scroll of butterflies.
   953 | D:2      | 953 ||| FLEEEEING.
   954 | D:2      | 954 ||| FLEEEEING.
   955 | D:2      | 955 ||| FLEEEEING.
   956 | D:2      | 956 ||| STAIRDANCE
   967 | D:2      | 967 ||| STAIRDANCE
  1043 | D:2      | Found a faded altar of an unknown god.
  1053 | D:2      | 1053 ||| Stepping ~*~*~tactically~*~*~ (outnumbered).
  1059 | D:2      | Reached XP level 3. HP: 15/20 MP: 5/5
  1463 | D:2      | Reached skill level 7 in Ranged Weapons
  1551 | D:2      | 1551 ||| UPGRADING to +0 cloak.
  1556 | D:2      | 1556 ||| UPGRADING to +0 ring mail.
  1566 | D:2      | 1566 ||| DROPPING +0 leather armour.
  1567 | D:2      | 1567 ||| READING scroll labelled HUROLU ZIQU.
  1605 | D:2      | 1605 ||| READING 2 scrolls labelled WIAFOISEOHE.
  1606 | D:2      | 1606 ||| DROPPING scroll of blinking.
  1630 | D:3      | Noticed Robin
  1636 | D:3      | Noticed Ijyb
  1638 | D:3      | 1638 ||| STAIRDANCE
  1641 | D:2      | Killed Robin
  1642 | D:2      | Reached XP level 4. HP: 15/25 MP: 6/6
  1693 | D:2      | 1693 ||| UPGRADING to +0 helmet.
  1703 | D:3      | 1703 ||| STAIRDANCE
  1703 | D:3      | Killed from afar by Ijyb

Levels and vault maps discovered:
D:1:      amcnicky_arrival_choice, layout_basic
D:2:      layout_basic, shapermc_ecumenical_altar_flowoftime, minmay_tromino_v7
D:3:      layout_rooms, minmay_misc_feat_ornament, nicolae_goblin_pals,
          uniq_crazy_yiuf_cottage

Skill      XL: |  1  2  3 |
---------------+----------+-----
Ranged Weapons | 6 7 |  7.5
Fighting       | |  1.5
Dodging        | |  2.4
Stealth        | |  1.2

Action                     |  1- 3 |  4- 6 || total
---------------------------+-------+-------++-------
   Fire: Shortbow          |   111 |     5 ||   116
    Use: Scroll            |     4 |       ||     4
         Potion            |     1 |       ||     1
 Armour: Leather armour    |     6 |       ||     6
         Ring mail         |     4 |     1 ||     5
  Dodge: Dodged            |    24 |     5 ||    29

Table legend:
 A = Non-vault XP
 B = Vault XP
 C = Vault XP percentage of total XP
 D = Non-vault monster count
 E = Vault monster count
 F = Vault count percentage of total count
                 A         B        C        D         E       F
            +---------+---------+-------+---------+---------+-------
      Total |      73 |      29 |  28.4 |      37 |       8 |  17.8
            +---------+---------+-------+---------+---------+-------
        D:1 |      34 |       0 |   0.0 |      23 |       0 |   0.0
        D:2 |      34 |      24 |  41.4 |      11 |       5 |  31.2
        D:3 |       5 |       5 |  50.0 |       3 |       3 |  50.0
            +---------+---------+-------+---------+---------+-------
